 Dungeon Crawl Stone Soup version 0.20.1-1-g8b1a95d (webtiles) character file.

75 Romulous the Covered (level 4, 40/40 HPs)
             Began as a Minotaur Fighter on Oct 15, 2017.
             Got out of the dungeon alive.
             The game lasted 00:15:44 (2173 turns).

Romulous the Covered (Minotaur Fighter)             Turns: 2173, Time: 00:15:45

Health: 40/40      AC: 12    Str: 21    XL:     4   Next: 11%
Magic:  3/3        EV:  4    Int:  5    God:
Gold:   49         SH:  9    Dex: 10    Spells: 3/3 levels left

rFire    . . .     SeeInvis .   a - +0 war axe
rCold    . . .     Gourm    .   c - +0 shield
rNeg     . . .     Faith    .   l - +0 plate armour (curse)
rPois    .         Spirit   .   (helmet restricted)
rElec    .         Reflect  .   (no cloak)
rCorr    .         Harm     .   (no gloves)
MR       .....                  (no boots)
Stlth    ..........             o - amulet of regeneration
Regen    0.6/turn               (no ring)
MPRegen  0.1/turn               (no ring)

@: no status effects
A: retaliatory headbutt, horns 2
a: no special abilities


You escaped.
You were not hungry.

You visited 1 branch of the dungeon, and saw 2 of its levels.

You collected 49 gold pieces.

Inventory:

Hand Weapons
 a - a +0 war axe (weapon)
Armour
 b - a +0 scale mail
 c - a +0 shield (worn)
 l - a cursed +0 plate armour (worn)
Jewellery
 o - an amulet of regeneration (around neck)
Scrolls
 e - a scroll of magic mapping
 h - a scroll of random uselessness {unknown}
 i - a scroll of remove curse {unknown}
 m - a scroll of enchant weapon {unknown}
 n - 2 scrolls of teleportation {unknown}
Potions
 d - a potion of might
 k - 2 potions of curing {unknown}
 p - a potion of mutation {unknown}
 q - a potion of cancellation {unknown}
Comestibles
 f - 2 bread rations
 g - a meat ration


   Skills:
 + Level 4.1 Fighting
 + Level 3.3 Axes
 + Level 4.6 Armour
 + Level 0.2 Dodging
 + Level 4.2 Shields


You had 3 spell levels left.
You didn't know any spells.

Dungeon Overview and Level Annotations

Branches:
Dungeon (2/15)

Altars:
Sif Muna
Trog


Innate Abilities, Weirdness & Mutations

You reflexively headbutt those who attack you in melee.
You have a pair of horns on your head.


Message History

You are feeling hungry.
Eat a chunk of flesh? (ye/n/q)
You eat the chunk of flesh.
This raw flesh tastes terrible.
You open the door.
There is an open door here.
There is a stone staircase leading up here.
There is an escape hatch in the ceiling here.
You open the door.
There is an open door here.
You open the door.
There is an open door here.
There is an open door here.
There is a stone staircase leading up here.
You can't go down here!
You climb upwards.
There is a stone staircase leading down here.
There is a staircase leading out of the dungeon here.
You can't go down here!
Are you sure you want to leave the Dungeon?
This will make you lose the game!
You have escaped!

#.#.#.......................#.###
#.#.#.#..###.#..#.##.###..#.#....
#.#.#.##.#..###.#.##...#.##.#.###
#.#.#..#........#........#..#.#
#.#.##...######.#.######...##.#
#....##...## #...# ##...###.#
###..###...## ##### ##...##...#
#....##...###...###...###...#
#.##.###...#..@..#...## #...###
###.#....##........)..## #...##.
....#..†.####...#....######..>##.
##..#....# ##########.>.....###.
#..#....# #.#####.# #. #..#....#
#.#...#.# #. ##..#.(..# #.....#.#
#. #........# ##############.# #.
#..)#....# #............#.# #.


There were no monsters in sight!

Vanquished Creatures
  2 adders (D:2)
  4 worms (D:2)
  A dart slug (D:2)
  A leopard gecko (D:2)
  3 giant cockroaches
  2 goblins
  7 hobgoblins
  5 jackals
  A ball python (D:1)
  4 bats
  2 frilled lizards
  4 kobolds
  5 rats
41 creatures vanquished.

Notes
Turn   | Place    | Note
-------+----------+-------------------------------------------
     0 | D:1      | Romulous the Minotaur Fighter began the quest for the Orb.
     0 | D:1      | Reached XP level 1. HP: 19/19 MP: 0/0
   424 | D:1      | Reached XP level 2. HP: 25/27 MP: 1/1
  1188 | D:2      | Reached XP level 3. HP: 28/33 MP: 2/2
  1666 | D:2      | Found a deep blue altar of Sif Muna.
  1743 | D:2      | Noticed a moth of wrath
  1746 | D:2      | Found a bloodstained altar of Trog.
  1772 | D:2      | Reached XP level 4. HP: 23/40 MP: 3/3
  2173 | D:$      | Got out of the dungeon alive.

Skill      XL: |  1  2  3 |
---------------+----------+-----
Armour         | 4 |  4.6
Shields        | 4 |  4.2
Axes           | 3 |  3.3
Fighting       | 4 |  4.1
Dodging        | |  0.2

Action                   |  1- 3 |  4- 6 || total
-------------------------+-------+-------++-------
Melee: War axe           |    95 |     9 ||   104
       Headbutt          |    15 |     1 ||    16
  Use: Scroll            |     1 |       ||     1
  Eat: Chunk             |     3 |     1 ||     4
Armor: Scale mail        |    30 |       ||    30
       Plate armour      |    31 |     1 ||    32
Dodge: Dodged            |    28 |     1 ||    29
Block: Shield            |    58 |     3 ||    61
